[Event "December 12 Early 2023"]
[Site "https://www.chess.com"]
[Date "2023.12.12"]
[Round "9"]
[White "Bazilius, Augustinas"]
[Black "Mendez Fortes, Eduardo Jesus"]
[Result "1-0"]
[Board "67"]
[TimeControl "180+1"]
[WhiteFideId "12832251"]
[BlackFideId "3502376"]
[WhiteElo "2445"]
[BlackElo "2616"]
[WhiteTeam "LTU"]
[BlackTeam "CUB"]
[WhiteClock "0:00:40"]
[BlackClock "0:02:21"]

1. d4 Nf6 2. c4 e6 3. Nf3 d5 4. g3 dxc4 5. Bg2 a6 6. O-O Nc6 7. e3 Rb8 8. Nfd2 e5 9. Bxc6+ bxc6 10. dxe5 Ng4 11. Nxc4 Be6 12. Nbd2 Bb4 13. b3 h5 14. h4 g5 15. Ne4 gxh4 16. Qxd8+ Rxd8 17. gxh4 Bxc4 18. bxc4 Nxe5 19. Bb2 Rg8+ 20. Kh1 Nd7 21. Rg1 Ke7 22. Ng3 Rg4 23. Nf5+ Ke6 24. Nd4+ Kd6 25. Rxg4 hxg4 26. Rg1 Ne5 27. Rd1 Ke7 28. Nf5+ Ke8 29. Rxd8+ Kxd8 30. Bxe5 Kd7 31. h5 Ke6 32. h6 Kxf5 33. h7 Kxe5 34. h8=Q+ Ke4 35. Qd4+ Kf3 36. Qf4+ Ke2 37. Qxg4+ Kxf2 38. Qf4+ Ke2 39. Qxc7 Kxe3 40. Qxc6 a5 41. Kg2 f5 42. Qf3+ Kd4 43. Qd5+ Kc3 44. c5 1-0

[Event "December 12 Early 2023"]
[Site "https://www.chess.com"]
[Date "2023.12.12"]
[Round "9"]
[White "Dyulgerov, Volen"]
[Black "Kavyev, Ruslan"]
[Result "1-0"]
[Board "68"]
[TimeControl "180+1"]
[WhiteFideId "2918978"]
[BlackFideId "34110981"]
[WhiteElo "2431"]
[BlackElo "2602"]
[WhiteTeam "BUL"]
[BlackTeam "RUS"]
[WhiteClock "0:02:25"]
[BlackClock "0:02:27"]

1. e4 c5 2. Nf3 d6 3. d4 cxd4 4. c3 Nf6 5. Bd3 Nc6 6. cxd4 d5 7. e5 Ne4 8. Nc3 Nxc3 9. bxc3 Bg4 10. e6 Bxe6 11. Ng5 Bd7 12. Qf3 f6 13. Qh5+ g6 14. Qxg6+ hxg6 15. Bxg6# 1-0

[Event "December 12 Early 2023"]
[Site "https://www.chess.com"]
[Date "2023.12.12"]
[Round "9"]
[White "Chlpik, Martin"]
[Black "Janaszak, Dawid"]
[Result "1-0"]
[Board "69"]
[TimeControl "180+1"]
[WhiteFideId "14923351"]
[BlackFideId "1119206"]
[WhiteElo "2372"]
[BlackElo "2600"]
[WhiteTeam "SVK"]
[BlackTeam "POL"]
[WhiteClock "0:00:11"]
[BlackClock "0:00:48"]

1. d4 d5 2. Nc3 e6 3. Bf4 Bd6 4. e3 a6 5. Qf3 Nf6 6. g4 Bxf4 7. Qxf4 Qd6 8. Qxd6 cxd6 9. g5 Nh5 10. Be2 g6 11. Bxh5 gxh5 12. h4 h6 13. Nge2 Nc6 14. Nf4 hxg5 15. hxg5 h4 16. O-O-O Bd7 17. Rh2 Ne7 18. f3 O-O-O 19. e4 dxe4 20. fxe4 Rdg8 21. Rdh1 Rxg5 22. Rxh4 Rhg8 23. Rh7 Be8 24. Nxe6 Rg2 25. Nf4 R2g4 26. Nfd5 Nc6 27. Nf6 Rg1+ 28. Nd1 Rxh1 29. Rxh1 Rf8 30. c3 Bd7 31. Ne3 Ne7 32. Rh7 Be6 33. d5 Bd7 34. Nc4 Kc7 35. e5 Nc8 36. e6 Bb5 37. Ne3 Kd8 38. exf7 Ne7 39. Rg7 Bd3 40. Kd2 Bb1 41. Nc2 Nf5 42. Nh7 Nxg7 43. Nxf8 Ke7 44. Ne6 Kxf7 45. Nd8+ Kf6 46. Nxb7 Bxa2 47. Nb4 Bc4 48. Nxd6 Bf1 49. c4 Ke7 50. c5 Nh5 51. Nb7 Nf4 52. d6+ Kd7 53. c6+ Kc8 54. d7+ Kc7 55. d8=Q# 1-0

[Event "December 12 Early 2023"]
[Site "https://www.chess.com"]
[Date "2023.12.12"]
[Round "9"]
[White "Vestby-Ellingsen, Mads"]
[Black "Monpeurt, Cyrielle"]
[Result "1-0"]
[Board "70"]
[TimeControl "180+1"]
[WhiteFideId "1520857"]
[BlackFideId "677400"]
[WhiteElo "2597"]
[BlackElo "2285"]
[WhiteTeam "NOR"]
[BlackTeam "FRA"]
[WhiteClock "0:00:20"]
[BlackClock "0:00:01"]

1. d4 Nf6 2. Bg5 Ne4 3. Bf4 c5 4. f3 Nf6 5. dxc5 Na6 6. Nc3 Nxc5 7. e4 Ne6 8. Be3 g6 9. Qd2 Bg7 10. O-O-O d6 11. e5 dxe5 12. Bb5+ Bd7 13. Qe2 a6 14. Bxd7+ Nxd7 15. Nd5 O-O 16. Nb6 Nd4 17. Bxd4 Nxb6 18. Bxe5 Qc8 19. Bxg7 Kxg7 20. Qxe7 Re8 21. Qd6 Nc4 22. Qd4+ Kg8 23. Nh3 Re2 24. c3 Nxb2 25. Nf4 Re8 26. Rd2 Nc4 27. Nd5 Qc6 28. Nf6+ Kf8 29. Nxh7+ Kg8 30. Nf6+ Kf8 31. Nxe8 Nxd2 32. Qh8+ Ke7 33. Re1+ Kd7 34. Qd4+ Kc8 35. Kxd2 Kb8 36. Re7 a5 37. Nd6 b5 38. Re8+ Kc7 39. Re7+ Kb8 40. Qe5 1-0

[Event "December 12 Early 2023"]
[Site "https://www.chess.com"]
[Date "2023.12.12"]
[Round "9"]
[White "Mishra, Manoj"]
[Black "Yeremyan, Alen"]
[Result "0-1"]
[Board "71"]
[TimeControl "180+1"]
[WhiteFideId "5006007"]
[BlackFideId "13308998"]
[WhiteElo "2289"]
[BlackElo "2802"]
[WhiteTeam "IND"]
[BlackTeam "ARM"]
[WhiteClock "0:00:00"]
[BlackClock "0:01:51"]

1. d4 Nf6 2. Bg5 Ne4 3. h4 d5 4. Nd2 c5 5. Nxe4 dxe4 6. dxc5 Qa5+ 7. Qd2 Qxc5 8. O-O-O Nc6 9. f3 Be6 10. fxe4 Rd8 11. Qc3 Rxd1+ 12. Kxd1 Qxc3 13. bxc3 Bxa2 14. Nf3 Bc4 15. e3 Bxf1 16. Rxf1 f6 17. Bf4 e5 18. Bg3 Bc5 19. Ke2 Ke7 20. h5 Rd8 21. Bh4 Ke6 22. Nd2 a5 23. h6 g5 24. Bg3 a4 25. Rb1 a3 26. Nb3 Be7 27. c4 Nb4 28. Rc1 Na2 29. Ra1 Nc3+ 30. Kf1 Nxe4 31. Be1 Rc8 32. c5 Nxc5 33. Rxa3 Nxb3 34. Rxb3 Rxc2 35. Rxb7 g4 36. e4 Rc4 37. Rb6+ Kf7 38. Rb7 Rxe4 39. Ba5 Rd4 40. Bb6 Rd5 41. Be3 Ke6 42. Kf2 f5 43. Bc1 f4 44. Bb2 Rd2+ 45. Kf1 e4 46. Bc3 Rc2 0-1

[Event "December 12 Early 2023"]
[Site "https://www.chess.com"]
[Date "2023.12.12"]
[Round "9"]
[White "Brodsky, David"]
[Black "Yashmetov, Mikhail"]
[Result "1-0"]
[Board "72"]
[TimeControl "180+1"]
[WhiteFideId "2073250"]
[BlackFideId "24198900"]
[WhiteElo "2789"]
[BlackElo "2502"]
[WhiteTeam "USA"]
[BlackTeam "RUS"]
[WhiteClock "0:02:12"]
[BlackClock "0:02:14"]

1. d4 Nf6 2. Nf3 e6 3. g3 b6 4. Bg2 Bb7 5. O-O Be7 6. c4 O-O 7. Nc3 Ne4 8. Bd2 Nxd2 9. Qxd2 f5 10. d5 Bf6 11. Rad1 e5 12. e4 fxe4 13. Nxe4 d6 14. Nfg5 g6 15. Ne6 Qe7 16. Nxf8 Qxf8 17. f4 Qg7 18. Nxf6+ Qxf6 19. fxe5 Qxe5 20. Rde1 Qh5 21. Re8+ Kg7 22. Qd4+ Kh6 23. Qf4+ Qg5 24. Qf8+ Kh5 25. Bf3+ Qg4 26. Bxg4+ Kxg4 27. Qf4+ Kh3 28. Qh4# 1-0

[Event "December 12 Early 2023"]
[Site "https://www.chess.com"]
[Date "2023.12.12"]
[Round "9"]
[White "Krysa, Leandro"]
[Black "Kochiev, Ivan"]
[Result "1-0"]
[Board "73"]
[TimeControl "180+1"]
[WhiteFideId "116807"]
[BlackFideId "2917890"]
[WhiteElo "2716"]
[BlackElo "2480"]
[WhiteTeam "ARG"]
[BlackTeam "BUL"]
[WhiteClock "0:00:05"]
[BlackClock "0:00:02"]

1. e4 c5 2. Nf3 d6 3. d4 cxd4 4. Nxd4 Nf6 5. Nc3 Nc6 6. Bg5 e6 7. Qd3 a6 8. Nxc6 bxc6 9. O-O-O d5 10. Qg3 Qa5 11. f3 Bb4 12. Bxf6 gxf6 13. Qg7 Rf8 14. Qxf6 Rb8 15. Bd3 Bxc3 16. Qxc3 Qxa2 17. Qxc6+ Bd7 18. Qxa6 Qxb2+ 19. Kd2 dxe4 20. fxe4 Ke7 21. Rb1 Qd4 22. Qa3+ Kf6 23. Rhf1+ Kg7 24. Rxb8 Rxb8 25. Qe7 Be8 26. Qg5+ Kf8 27. Qh6+ Ke7 28. Qxh7 Rb2 29. Qh4+ Kf8 30. Qh6+ Ke7 31. Qg5+ Kf8 32. Qf6 Qb4+ 33. Ke2 Qb6 34. Qh8+ Ke7 35. Qf6+ Kf8 36. h4 Rb5 37. Bxb5 Bxb5+ 38. Kd2 Bxf1 39. Qxf1 Qd4+ 40. Qd3 Qf2+ 41. Qe2 Qd4+ 42. Qd3 Qf2+ 43. Kc1 Qe1+ 44. Kb2 Qb4+ 45. Ka2 Qa4+ 46. Kb1 Qb4+ 47. Kc1 Qe1+ 48. Qd1 Qxh4 49. Qf3 Qg5+ 50. Kd1 Qc5 51. c3 Kg8 52. Qg3+ Kf8 53. Qf3 Qg1+ 54. Kc2 Qc5 55. Qe2 Kg8 56. Qd2 Qe5 57. Kd3 Qd6+ 58. Kc2 Qg3 59. Qe2 Qe5 60. c4 Qc5 61. Kb3 Qb6+ 62. Kc3 Qc5 63. Qd3 Qa3+ 64. Kd4 Qd6+ 65. Ke3 Qg3+ 66. Kd4 Qd6+ 67. Kc3 Qa3+ 68. Kd2 Qb2+ 69. Qc2 Qd4+ 70. Ke2 Qc5 71. g3 Kf8 72. Kf3 Kg8 73. Qd3 Kf8 74. Kg2 Kg8 75. Qe2 Kf8 76. Kf3 Qd4 77. Qc2 Qc5 78. Qc3 Kg8 79. Ke2 Kh7 80. Kd3 Kg8 81. e5 Kg7 82. Kc2 Kg6 83. Kb3 Qb6+ 84. Ka4 Qa6+ 85. Kb4 Qb6+ 86. Ka3 Qa6+ 87. Kb3 Qb6+ 88. Kc2 Kg7 89. c5 Qc6 90. Kb3 Qb5+ 91. Ka3 Qc6 92. Qc4 Kf8 93. Kb4 Kg7 94. Qb5 Qe4+ 95. Ka5 Qa8+ 96. Qa6 Qd5 97. Qd6 Qa2+ 98. Kb6 Qb3+ 99. Kc7 Qxg3 100. c6 Qb3 101. Kd8 Qb6+ 102. c7 Qa5 103. Kd7 Qa4+ 104. Qc6 Qd4+ 105. Ke8 Qxe5 106. c8=Q f5 107. Q8xe6 Qb8+ 108. Kd7 Qa7+ 109. Qc7 Qa4+ 110. Kd8+ Kh8 111. Qf6+ Kg8 112. Qcg7# 1-0

[Event "December 12 Early 2023"]
[Site "https://www.chess.com"]
[Date "2023.12.12"]
[Round "9"]
[White "Wu, Derek"]
[Black "JG-17"]
[Result "0-1"]
[Board "74"]
[TimeControl "180+1"]
[WhiteFideId "30914558"]
[WhiteElo "2687"]
[BlackElo "2473"]
[WhiteTeam "USA"]
[WhiteClock "0:00:14"]
[BlackClock "0:00:30"]

1. e4 c5 2. Nf3 d6 3. d4 cxd4 4. Nxd4 Nf6 5. Nc3 g6 6. Be3 Nc6 7. f3 h5 8. Bc4 Bg7 9. Qd2 O-O 10. O-O-O Ne5 11. Bb3 Bd7 12. Bh6 Rc8 13. Kb1 Nc4 14. Bxc4 Rxc4 15. Bxg7 Kxg7 16. h4 Qa5 17. Nb3 Qc7 18. Ne2 Rc8 19. c3 Ba4 20. Ned4 b5 21. g4 b4 22. cxb4 hxg4 23. h5 Bxb3 24. axb3 Rxd4 25. Qxd4 Qc2+ 26. Ka1 Qxb3 27. Rd3 Qc2 28. fxg4 Rc4 29. Qe3 Rxe4 30. Qd2 Qa4+ 31. Ra3 Qc6 32. hxg6 fxg6 33. Qh6+ Kf7 34. g5 Ng4 35. Qh7+ Ke6 36. Qxg6+ Ke5 37. Qg7+ Ke6 38. Qg6+ Ke5 39. Rd1 Ne3 40. Qg7+ Ke6 41. Rc3 Qa4+ 42. Kb1 Qxd1+ 43. Ka2 Qd5+ 44. Kb1 Nf5 45. Qg8+ Ke5 46. Qh8+ Kf4 47. Qh2+ Kxg5 48. Qg1+ Rg4 49. Qc1+ Kf6 50. Rh3 Qe4+ 51. Ka1 Qxb4 52. Qd1 Qa4+ 53. Qxa4 Rxa4+ 54. Kb1 e5 55. Kc2 Rc4+ 56. Kd3 Rg4 57. Kc3 Rg3+ 58. Rxg3 Nxg3 59. b4 e4 60. Kc4 a6 61. Kd4 Kf5 62. Ke3 d5 63. b5 axb5 64. Kd4 Kf4 65. Kc3 e3 66. Kd3 Kf3 67. Kd4 Kf2 68. Kc3 e2 69. Kd4 e1=Q 70. Kc5 d4 71. Kd5 d3 72. Kc5 d2 73. Kb6 d1=Q 74. Ka6 Qa1+ 75. Kb6 Qe6+ 76. Kc5 Qc3+ 77. Kxb5 Qec6# 0-1

[Event "December 12 Early 2023"]
[Site "https://www.chess.com"]
[Date "2023.12.12"]
[Round "9"]
[White "Kotyk, Michael"]
[Black "Hua, Lefong"]
[Result "0-1"]
[Board "75"]
[TimeControl "180+1"]
[WhiteFideId "16214501"]
[BlackFideId "2602253"]
[WhiteElo "2470"]
[BlackElo "2660"]
[WhiteTeam "GER"]
[BlackTeam "CAN"]
[WhiteClock "0:00:11"]
[BlackClock "0:01:19"]

1. e4 c5 2. c3 Nf6 3. e5 Nd5 4. Bc4 Nb6 5. Bb3 Nc6 6. Nf3 d6 7. exd6 Qxd6 8. Na3 a6 9. d4 cxd4 10. Nxd4 Nxd4 11. cxd4 Be6 12. O-O Bxb3 13. Qxb3 e6 14. Bd2 Be7 15. Ba5 Nd5 16. Nc4 Qd7 17. a4 O-O 18. Ne5 Qd6 19. Qxb7 Rab8 20. Qc6 Rfc8 21. Qxd6 Bxd6 22. Nd3 Rb3 23. Rfd1 h5 24. g3 Rc4 25. Rac1 Rxd3 26. Rxc4 Rxd1+ 27. Kg2 0-1

[Event "December 12 Early 2023"]
[Site "https://www.chess.com"]
[Date "2023.12.12"]
[Round "9"]
[White "Kiremitciyan, Ari"]
[Black "Schnaider, Ilan"]
[Result "0-1"]
[Board "76"]
[TimeControl "180+1"]
[WhiteFideId "6373445"]
[BlackFideId "169013"]
[WhiteElo "2464"]
[BlackElo "2654"]
[WhiteTeam "TUR"]
[BlackTeam "ARG"]
[WhiteClock "0:00:00"]
[BlackClock "0:00:02"]

1. e4 c5 2. Nf3 d6 3. c3 Nf6 4. h3 Nc6 5. Bd3 e6 6. Bc2 d5 7. e5 Nd7 8. d4 Qb6 9. a3 cxd4 10. cxd4 a5 11. Nc3 Be7 12. O-O f6 13. exf6 Nxf6 14. Re1 O-O 15. Qd3 g6 16. Bh6 Re8 17. Ba4 Bd7 18. Bxc6 bxc6 19. Ne5 Bf8 20. Bxf8 Rxf8 21. Na4 Qc7 22. Nc5 Bc8 23. b3 Nh5 24. g3 Qg7 25. Qe3 Nf6 26. Nxc6 Re8 27. Ne5 Ba6 28. Rac1 Bb5 29. Rc3 a4 30. b4 Rac8 31. Rec1 Qe7 32. Qg5 Kg7 33. Re3 Qd6 34. Rce1 Rcd8 35. Rf3 Qf8 36. Ng4 Ne4 37. Qe3 Qd6 38. Nxe4 dxe4 39. Qxe4 Bc6 40. Qe5+ Qxe5 41. Nxe5 Bxf3 42. Nxf3 Rc8 43. Ng5 Kf6 44. Ne4+ Kg7 45. Nc5 Rc6 46. d5 Rd6 47. dxe6 Rd4 48. Re3 Kf6 49. h4 h5 50. Rf3+ Kg7 51. Rf7+ Kh6 52. Ra7 Rc4 53. Rxa4 Rc1+ 54. Kg2 Rc2 55. Ra7 Rf8 56. Rf7 Re8 57. Rf4 Rc3 58. Rf3 Rc2 59. Rf4 Ra2 60. Rf3 Rc2 61. Rb3 Rd8 62. Re3 Rc1 63. e7 Re8 64. Nd7 Rc6 65. Nc5 Rc7 66. Ne6 Rcxe7 67. Ng5 Rxe3 68. fxe3 Rxe3 69. a4 Rb3 70. b5 Rb4 71. Nf7+ Kg7 72. Nd6 Rxa4 73. b6 Rb4 74. b7 Rb6 75. Kf3 Kf6 76. Ke4 Ke6 77. Ne8 Rxb7 78. Kf4 Ke7 79. Ng7 Kf7 0-1

[Event "December 12 Early 2023"]
[Site "https://www.chess.com"]
[Date "2023.12.12"]
[Round "9"]
[White "Ambartsumova, Karina"]
[Black "Pak, Yevgeniy"]
[Result "0-1"]
[Board "77"]
[TimeControl "180+1"]
[WhiteFideId "4166299"]
[BlackFideId "14201712"]
[WhiteElo "2631"]
[BlackElo "2464"]
[WhiteTeam "RUS"]
[BlackTeam "KAZ"]
[WhiteClock "0:00:28"]
[BlackClock "0:00:44"]

1. d4 d5 2. c4 e6 3. Nc3 h6 4. Nf3 Nf6 5. cxd5 exd5 6. Bf4 Bd6 7. Be5 O-O 8. e3 c6 9. Bd3 Bg4 10. h3 Bxf3 11. Qxf3 Re8 12. Qf5 Na6 13. O-O-O Bb4 14. Na4 Re6 15. a3 Be7 16. Nc3 g6 17. Qf4 Nd7 18. Qxh6 Nxe5 19. dxe5 Bg5 0-1

[Event "December 12 Early 2023"]
[Site "https://www.chess.com"]
[Date "2023.12.12"]
[Round "9"]
[White "Souleidis, Georgios"]
[Black "Mestnikov, Aisen"]
[Result "1-0"]
[Board "78"]
[TimeControl "180+1"]
[WhiteFideId "4206827"]
[BlackFideId "34130117"]
[WhiteElo "2630"]
[BlackElo "2462"]
[WhiteTeam "GRE"]
[BlackTeam "RUS"]
[WhiteClock "0:00:28"]
[BlackClock "0:00:02"]

1. e4 e5 2. Nf3 Nc6 3. Bc4 Bc5 4. d3 Nf6 5. a4 d6 6. O-O a5 7. Be3 Ba7 8. Bxa7 Rxa7 9. h3 O-O 10. Re1 Be6 11. Bb5 Nd4 12. Nxd4 exd4 13. Nd2 d5 14. exd5 Bxd5 15. Bc4 Ra8 16. Bxd5 Qxd5 17. Nc4 Rfe8 18. Qd2 b6 19. Qf4 Qc5 20. Re5 Rxe5 21. Qxe5 Qxe5 22. Nxe5 Re8 23. Nc6 Nd5 24. Nxd4 Nb4 25. Rc1 c5 26. Nf3 Re2 27. Re1 Rxe1+ 28. Nxe1 f6 29. f3 Kf7 30. Kf2 Ke6 31. c3 Nd5 32. g3 g5 33. Nc2 Nc7 34. Na3 h5 35. Nc4 Nd5 36. Ne3 Nc7 37. Ke2 Ke5 38. Nc4+ Kd5 39. Nxb6+ Kc6 40. Nc4 Nd5 41. Nxa5+ Kb6 42. Nc4+ Ka6 43. Ne3 Ne7 44. b4 cxb4 45. cxb4 Kb6 46. Nc4+ Ka6 47. b5+ Kb7 48. g4 Nd5 49. gxh5 Nf4+ 50. Ke3 Nxh5 51. Ke4 Nf4 52. h4 Ne6 53. h5 Nc5+ 54. Kf5 Nxd3 55. h6 g4 56. fxg4 1-0

[Event "December 12 Early 2023"]
[Site "https://www.chess.com"]
[Date "2023.12.12"]
[Round "9"]
[White "Al-Tarboush, Ward"]
[Black "Dmitrenko, Viktor"]
[Result "1-0"]
[Board "79"]
[TimeControl "180+1"]
[WhiteFideId "7601450"]
[BlackFideId "14110270"]
[WhiteElo "2597"]
[BlackElo "2458"]
[WhiteTeam "NOR"]
[BlackTeam "UKR"]
[WhiteClock "0:00:47"]
[BlackClock "0:00:00"]

1. e4 c5 2. Nf3 e6 3. d4 cxd4 4. Nxd4 Nc6 5. Nc3 Nf6 6. Bf4 Bc5 7. Ndb5 O-O 8. e5 Ne8 9. Ne4 Be7 10. Bd3 f5 11. exf6 Nxf6 12. Bc7 Qe8 13. Ned6 Qh5 14. Qxh5 Nxh5 15. O-O-O a6 16. Nc3 Rxf2 17. g4 Nf4 18. Nce4 Nxd3+ 19. Rxd3 Rf8 20. Bb6 a5 21. Nc5 Nb4 22. Rdd1 Nd5 23. Nxc8 Rfxc8 24. Nxd7 Rc6 25. Bd4 Rac8 26. c3 Bg5+ 27. Kb1 b5 28. Ne5 Ra6 29. h4 Be7 30. Rhf1 b4 31. c4 Nf6 32. g5 Ne4 33. g6 hxg6 34. Nxg6 Bf8 35. h5 Nc5 36. Nxf8 1-0

[Event "December 12 Early 2023"]
[Site "https://www.chess.com"]
[Date "2023.12.12"]
[Round "9"]
[White "Iskusnyh, Sergei"]
[Black "YurasovMat-2012"]
[Result "1-0"]
[Board "80"]
[TimeControl "180+1"]
[WhiteFideId "4120027"]
[WhiteElo "2575"]
[BlackElo "2458"]
[WhiteTeam "RUS"]
[WhiteClock "0:00:15"]
[BlackClock "0:00:00"]

1. d4 d5 2. c4 c6 3. Nf3 Nf6 4. e3 Bf5 5. Nc3 e6 6. Nh4 Be4 7. f3 Bg6 8. Bd2 Nbd7 9. Nxg6 hxg6 10. Qc2 Bd6 11. O-O-O Rc8 12. c5 Bc7 13. e4 dxe4 14. Nxe4 Nxe4 15. fxe4 O-O 16. h4 b6 17. cxb6 axb6 18. h5 g5 19. Bc3 c5 20. dxc5 Bf4+ 21. Kb1 Rxc5 22. Qd3 Rc7 23. h6 f6 24. hxg7 Kxg7 25. e5 f5 26. g3 Rxc3 27. Qxc3 Bxe5 28. Rxd7+ Qxd7 29. Qxe5+ Kg6 30. Bc4 Re8 31. g4 Qc6 32. Rc1 Qf3 33. gxf5+ Qxf5+ 34. Qxf5+ exf5 35. Bb5 Re2 36. Bxe2 1-0

[Event "December 12 Early 2023"]
[Site "https://www.chess.com"]
[Date "2023.12.12"]
[Round "9"]
[White "Belov, Alexei"]
[Black "Goldin, Roman"]
[Result "1-0"]
[Board "81"]
[TimeControl "180+1"]
[WhiteFideId "4128206"]
[BlackFideId "2803860"]
[WhiteElo "2573"]
[BlackElo "2443"]
[WhiteTeam "RUS"]
[BlackTeam "ISR"]
[WhiteClock "0:00:17"]
[BlackClock "0:00:10"]

1. e4 Nc6 2. Nf3 e5 3. Bb5 a6 4. Ba4 d6 5. c3 Bd7 6. d4 Nge7 7. O-O Ng6 8. Nbd2 Be7 9. d5 Nb8 10. Bxd7+ Nxd7 11. Nc4 Nh4 12. Ne3 O-O 13. Nxh4 Bxh4 14. Nf5 Bf6 15. Qg4 g6 16. Be3 Kh8 17. Nh6 Bg7 18. Qh3 Qe7 19. c4 b6 20. b4 a5 21. a3 Nf6 22. f3 Nh5 23. g3 Ra7 24. Nf5 gxf5 25. Qxh5 f4 26. Bd2 a4 27. gxf4 exf4 28. Rad1 Be5 29. Kh1 Raa8 30. Rg1 Rg8 31. Qf5 Rg6 32. Bxf4 Rag8 33. Bxe5+ dxe5 34. Rg4 Rxg4 35. fxg4 Rg5 36. Qf3 f6 37. Rf1 Kg7 38. h4 Rg6 39. Qf5 h6 40. Kh2 Qf7 41. Kh3 Qe7 42. c5 bxc5 43. bxc5 Qxc5 44. h5 Qe3+ 45. Rf3 Qxf3+ 46. Qxf3 Rg5 47. Qc3 1-0

[Event "December 12 Early 2023"]
[Site "https://www.chess.com"]
[Date "2023.12.12"]
[Round "9"]
[White "Mazurkiewicz, Michal"]
[Black "Martinez Fernandez, Adrian"]
[Result "1-0"]
[Board "82"]
[TimeControl "180+1"]
[WhiteFideId "1124943"]
[BlackFideId "32049048"]
[WhiteElo "2442"]
[BlackElo "2544"]
[WhiteTeam "POL"]
[BlackTeam "ESP"]
[WhiteClock "0:00:07"]
[BlackClock "0:00:00"]

1. e4 c6 2. d3 g6 3. Nf3 Bg7 4. g3 h5 5. Bg2 a5 6. O-O a4 7. c3 d6 8. d4 Bg4 9. h3 Bd7 10. e5 Qc8 11. Kh2 Nh6 12. exd6 exd6 13. Re1+ Kf8 14. Bg5 Nf5 15. Nbd2 Kg8 16. Ne4 Ra5 17. Nf6+ Kf8 18. Qe2 Bh6 19. Bxh6+ Rxh6 20. Kg1 Kg7 21. Ne8+ Bxe8 22. Qxe8 Rh8 23. Qe2 Na6 24. h4 Nc7 25. Bh3 Re8 26. Qc2 Rxe1+ 27. Rxe1 Kf8 28. c4 Nxd4 29. Nxd4 Qxh3 30. Qd2 Re5 31. Rxe5 dxe5 32. Nf3 Qe6 33. Qb4+ Kg7 34. Qxb7 Ne8 35. Qb4 e4 36. Ng5 Qe5 37. Qe1 Nd6 38. b3 axb3 39. axb3 f6 40. Nf3 exf3 41. Qd1 c5 42. Qxf3 Nf5 43. Qb7+ Qe7 44. Qd5 Nd4 45. Kg2 g5 46. b4 g4 47. bxc5 Nf3 48. Qxh5 Qe6 49. c6 Qe4 50. Qd5 1-0

[Event "December 12 Early 2023"]
[Site "https://www.chess.com"]
[Date "2023.12.12"]
[Round "9"]
[White "Khamdamova, Afruza"]
[Black "Bogaudinov, Rushan"]
[Result "0-1"]
[Board "83"]
[TimeControl "180+1"]
[WhiteFideId "14210444"]
[BlackFideId "4129288"]
[WhiteElo "2539"]
[BlackElo "2439"]
[WhiteTeam "UZB"]
[BlackTeam "RUS"]
[WhiteClock "0:00:02"]
[BlackClock "0:00:04"]

1. e4 e5 2. Nf3 Nc6 3. Bb5 a6 4. Ba4 d6 5. c3 Bd7 6. O-O Nf6 7. Re1 Be7 8. d4 O-O 9. Nbd2 b5 10. Bc2 h6 11. h3 Re8 12. Nf1 Bf8 13. Ng3 a5 14. Be3 a4 15. d5 Ne7 16. b3 Ng6 17. c4 a3 18. Bd3 bxc4 19. Bxc4 Nf4 20. Nd2 g5 21. Be2 Bg7 22. Rc1 Nh7 23. Nc4 Nf8 24. Bg4 N8g6 25. Bxd7 Qxd7 26. Nf5 Ne7 27. Nxe7+ Rxe7 28. Kh2 f5 29. Bxf4 exf4 30. exf5 Rxe1 31. Qxe1 Qxf5 32. Rd1 h5 33. Qe7 g4 34. h4 g3+ 35. fxg3 fxg3+ 36. Kh1 Rf8 37. Ne3 Qe5 38. Qxe5 Bxe5 39. Rf1 Rxf1+ 40. Nxf1 Bf4 41. Kg1 Kf7 42. b4 Kf6 43. b5 Ke5 44. Kh1 Kxd5 45. b6 cxb6 46. Ne3+ Ke4 47. Nc4 b5 48. Nxa3 b4 49. Nc2 Bd2 50. Na1 d5 51. Nb3 Bc3 52. Nc5+ Ke3 53. Ne6 d4 54. Ng5 d3 55. Nf3 d2 56. Ng1 Ke4 57. a3 bxa3 58. Nf3 d1=Q+ 59. Ng1 Qxg1+ 60. Kxg1 a2 0-1

[Event "December 12 Early 2023"]
[Site "https://www.chess.com"]
[Date "2023.12.12"]
[Round "9"]
[White "Garrido, Denis"]
[Black "Vakhidov, Shahzod"]
[Result "0-1"]
[Board "84"]
[TimeControl "180+1"]
[WhiteFideId "601217"]
[BlackFideId "14205270"]
[WhiteElo "2437"]
[BlackElo "2536"]
[WhiteTeam "FRA"]
[BlackTeam "UZB"]
[WhiteClock "0:00:36"]
[BlackClock "0:01:07"]

1. c4 Nf6 2. Nc3 d5 3. cxd5 Nxd5 4. g3 e5 5. Bg2 Nb6 6. Nf3 Nc6 7. O-O Be7 8. b3 O-O 9. Bb2 Be6 10. e3 Qd3 11. Ne1 Qg6 12. Rc1 Rfd8 13. Ne4 Bd5 14. f3 a5 15. a3 Qe6 16. Rc3 f5 17. Nf2 a4 18. b4 Bb3 19. Qc1 Nd5 20. Rd3 Bf6 21. e4 Nb6 22. Rxd8+ Rxd8 23. exf5 Qc4 24. d3 Qxc1 25. Bxc1 Nd4 26. Ne4 Ne2+ 27. Kf2 Nxc1 0-1

[Event "December 12 Early 2023"]
[Site "https://www.chess.com"]
[Date "2023.12.12"]
[Round "9"]
[White "yaguigor"]
[Black "Eilers, Stefan"]
[Result "1-0"]
[Board "85"]
[TimeControl "180+1"]
[BlackFideId "4609565"]
[WhiteElo "2437"]
[BlackElo "2526"]
[BlackTeam "GER"]
[WhiteClock "0:00:25"]
[BlackClock "0:00:03"]

1. d4 d5 2. c4 e6 3. Nc3 c5 4. cxd5 cxd4 5. Qa4+ Bd7 6. Qxd4 exd5 7. Qxd5 Nf6 8. Qb3 Na6 9. Nf3 Nc5 10. Qc2 Rc8 11. Bg5 Qb6 12. Bxf6 Qxf6 13. e3 Be7 14. Bb5 Bxb5 15. Nxb5 O-O 16. O-O a6 17. Nbd4 b5 18. Rac1 Bd6 19. b3 g6 20. Rfd1 Rc7 21. h3 Rfc8 22. Qb1 Qe7 23. Ne2 b4 24. Rc4 a5 25. Rcd4 Rc6 26. Nf4 Bb8 27. Nd5 Qf8 28. Rc4 Ba7 29. Nd4 Rd6 30. Nb5 Bb8 31. Nxd6 Qxd6 32. Nf4 Qe5 33. Rd5 Qe7 34. Nd3 Ba7 35. Qc2 Rc7 36. Nxc5 Bxc5 37. Rdxc5 Rxc5 38. Rxc5 1-0

[Event "December 12 Early 2023"]
[Site "https://www.chess.com"]
[Date "2023.12.12"]
[Round "9"]
[White "Porozhnyak, Maya"]
[Black "Tikhonov, Viacheslav"]
[Result "0-1"]
[Board "86"]
[TimeControl "180+1"]
[WhiteFideId "34115843"]
[BlackFideId "44196407"]
[WhiteElo "2435"]
[BlackElo "2525"]
[WhiteTeam "RUS"]
[BlackTeam "RUS"]
[WhiteClock "0:00:00"]
[BlackClock "0:00:30"]

1. e4 c5 2. Nf3 g6 3. d4 cxd4 4. c3 Bg7 5. cxd4 d5 6. e5 a6 7. Nc3 Nc6 8. Be3 Bg4 9. Be2 e6 10. O-O Nge7 11. Rc1 O-O 12. h3 Bxf3 13. Bxf3 b5 14. a3 Rc8 15. b4 Qb6 16. Ne2 a5 17. Qb3 axb4 18. axb4 Ra8 19. Ra1 Ra6 20. Rxa6 Qxa6 21. Nc3 Nf5 22. Rd1 Qb6 23. Ne2 Ra8 24. g4 Nxe3 25. fxe3 Ra4 26. Rc1 Bf8 27. Qc3 Nxb4 28. Qc8 Nd3 29. Rc6 Qa5 30. Nc3 Rc4 31. Nxd5 Qe1+ 32. Kg2 Qf2+ 0-1

[Event "December 12 Early 2023"]
[Site "https://www.chess.com"]
[Date "2023.12.12"]
[Round "9"]
[White "Sari, Yasin"]
[Black "Rogov, Matfey"]
[Result "0-1"]
[Board "87"]
[TimeControl "180+1"]
[WhiteFideId "6320902"]
[BlackFideId "44191308"]
[WhiteElo "2431"]
[BlackElo "2522"]
[WhiteTeam "TUR"]
[BlackTeam "RUS"]
[WhiteClock "0:00:02"]
[BlackClock "0:00:12"]

1. d4 e6 2. Bf4 b6 3. e4 Bb7 4. Bd3 c5 5. c3 Nf6 6. Qe2 cxd4 7. cxd4 Nc6 8. d5 Nb4 9. Bc4 Rc8 10. a3 Rxc4 11. Qxc4 Ba6 12. Qc7 Qxc7 13. Bxc7 Nc2+ 14. Kd1 Nxa1 15. Nd2 exd5 16. e5 Ne4 17. Nxe4 dxe4 18. Nh3 Bd3 19. Nf4 Nb3 20. Nh5 Nd4 21. Kd2 Nb3+ 22. Kc3 Nc5 23. f3 exf3 24. gxf3 Bg6 25. Nf4 Ne6 26. Nd5 Bc5 27. Bd6 Bxd6 28. exd6 O-O 29. Ne7+ Kh8 30. Kb4 Bd3 31. Rc1 h6 32. f4 Nxf4 33. Rc7 a5+ 34. Kc3 Rd8 35. Rb7 b5 36. Kd4 Bc4 37. Kc5 Ne6+ 38. Kb6 b4 39. a4 Ra8 40. Nf5 Ra6# 0-1

[Event "December 12 Early 2023"]
[Site "https://www.chess.com"]
[Date "2023.12.12"]
[Round "9"]
[White "Womacka, Mathias"]
[Black "Ovezdurdyyeva, Jemal"]
[Result "1-0"]
[Board "88"]
[TimeControl "180+1"]
[WhiteFideId "4611390"]
[BlackFideId "14001888"]
[WhiteElo "2521"]
[BlackElo "2426"]
[WhiteTeam "GER"]
[BlackTeam "TKM"]
[WhiteClock "0:02:13"]
[BlackClock "0:01:41"]

1. e4 d6 2. d4 Nf6 3. Nc3 g6 4. f4 Bg7 5. Nf3 c6 6. Bd3 b5 7. e5 dxe5 8. dxe5 Nd5 9. a4 Nxc3 10. bxc3 O-O 11. axb5 cxb5 12. Be4 1-0